 Dungeon Crawl Stone Soup version 0.30.1-11-g7821555f0a (webtiles) character file.

Game seed: 7269873168410464013

379 fireball365 the Chopper (level 6, 0/63 HPs)
             Began as an Ogre Gladiator on Nov 9, 2023.
             Slain by a scorpion (2 damage)
             ... on level 4 of the Dungeon on Nov 10, 2023.
             The game lasted 00:07:15 (2667 turns).

fireball365 the Chopper (Ogre Gladiator)            Turns: 2667, Time: 00:07:16

Health: 0/63       AC:  3    Str: 21    XL:     6   Next: 74%
Magic:  6/6        EV: 10    Int:  9    God:
Gold:   285        SH:  0    Dex: 10    Spells: 5/5 levels left

rFire   . . .        a - +0 war axe
rCold   . . .        (no shield)
rNeg    . . .        b - +0 robe
rPois   .            c - +0 hat
rElec   .            (no cloak)
rCorr   .            (gloves unavailable)
SInv    .            (boots unavailable)
Will    .....        (no amulet)
Stlth   +            v - ring of flight
HPRegen 0.30/turn    (no ring)
MPRegen 0.10/turn

%: no passive effects
@: lethally poisoned (0 -> -4), flying
A: large, unfitting armour, tough skin 1
a: no special abilities


You were on level 4 of the Dungeon.
You visited 1 branch of the dungeon, and saw 4 of its levels.

You collected 285 gold pieces.

Inventory:

Hand Weapons
 a - a +0 war axe (weapon)
Missiles
 d - 3 throwing nets (quivered)
 e - a large rock
Armour
 b - a +0 robe (worn)
 c - a +0 hat (worn)
 n - a +0 plate armour
 s - a +0 helmet
Jewellery
 v - a ring of flight (left hand)
 y - a ring of fire
Wands
 g - a wand of flame (8)
 w - a wand of iceblast (8)
Scrolls
 h - a scroll of vulnerability {unknown}
 i - a scroll of fear {unknown}
 j - a scroll of enchant armour
 l - a scroll of magic mapping {unknown}
 m - 3 scrolls of amnesia {unknown}
 o - 2 scrolls of noise {unknown}
 p - a scroll of poison {unknown}
 q - a scroll of fog {unknown}
 t - 2 scrolls of identify
 x - a scroll of teleportation {unknown}
Potions
 f - a potion of degeneration
 k - a potion of resistance {unknown}
 r - a potion of attraction
 u - a potion of flight {unknown}


   Skills:
 + Level 4.6 Fighting
 + Level 5.4 Axes
 + Level 2.1 Throwing
 + Level 4.1 Dodging
 + Level 0.9 Stealth


You had 5 spell levels left.
You didn't know any spells.
Your spell library contained the following spells:

 Spells                   Type           Power      Damage    Failure   Level
 Freeze                   Ice            0%         1d3       38%         1
 Kiss of Death            Conj/Necr      0%         2d5       38%         1
 Slow                     Hex            0%         N/A       38%         1
 Sublimation of Blood     Necr           0%         N/A       52%         2
 Confusing Touch          Hex            0%         N/A       77%         3
 Frozen Ramparts          Ice            0%         1d1       77%         3
 Hailstorm                Conj/Ice       0%         3d3       77%         3
 Ozocubu's Armour         Ice            0%         N/A       77%         3
 Vampiric Draining        Necr           0%         2d6       77%         3
 Dispel Undead            Necr           0%         3d6       99%         4
 Petrify                  Tmut/Erth      0%         N/A       99%         4
 Irradiate                Conj/Tmut      0%         3d11      100%        5
 Metabolic Englaciation   Hex/Ice        0%         N/A       100%        5
 Simulacrum               Ice/Necr       0%         N/A       100%        6


Dungeon Overview and Level Annotations

Branches:
Dungeon (4/15)
 Temple: D:4-7

Altars:
Kikubaaqudgha
Yredelemnul

Annotations:
D:4 2 transporters, Menkaure


Innate Abilities, Weirdness & Mutations

You are too large for most types of armour.
You have tough skin. (AC +1)


Message History

A scorpion comes into view.
An orc comes into view. It is wielding a +0 club.
The orc shouts!
Found a stone staircase leading up.
You hit the scorpion but do no damage. The scorpion stings you.
You hit the scorpion but do no damage. The scorpion stings you. x2
* * * LOW HITPOINT WARNING * * *
You hit the scorpion.
The scorpion is moderately wounded.
You hit the orc but do no damage. The orc barely misses you.
The scorpion stings you.
* * * LOW HITPOINT WARNING * * *
You are poisoned.
The scorpion poisons you! The orc misses you.
You hit the scorpion but do no damage.
The scorpion is moderately wounded.
You hit the orc but do no damage.
You feel very sick. The scorpion closely misses you.
The orc hits you but does no damage. The scorpion closely misses you.
You hit the scorpion but do no damage.
The scorpion is moderately wounded.
You hit the orc but do no damage.
You feel sick. The scorpion stings you.
* * * LOW HITPOINT WARNING * * *
The orc hits you with a +0 club.
* * * LOW HITPOINT WARNING * * *
Aiming: Iceblast
Press: ? - help, Q - select action, (/) - cycle Shift-Dir - straight line The mass of ice explodes!
The iceblast engulfs the orc.
The orc is almost dead.
* * * LOW HITPOINT WARNING * * *
You feel sick. The scorpion barely misses you. The orc closely misses you.
Aiming: Throw Flame
Press: ? - help, Q - select action, (/) - cycle Shift-Dir - straight line The puff of flame hits the scorpion.
The scorpion is heavily wounded.
You feel sick. The scorpion stings you.
* * * LOW HITPOINT WARNING * * *
The orc closely misses you. The scorpion stings you.
You die...

.
........†......##...†.#..#
.#..#..........#......#.##
## #............#....#.#
#......†..#.##....#.#
#.........#.#.......# #
.............#.####.#..#
............#..# #.#.##
#.............## #...#
.......s@..### #..##
.......o...# ..##
#......"...# ...#
##.......... ..###
#...#>......###
#....>##....# ...#...
....... ##. ... #<....


You could see a scorpion and an orc.

Vanquished Creatures
  A phantom (D:4)
  A scorpion (D:4)
  3 hounds
  Jessica (D:3)
  A gnoll (D:1)
  3 adders
  A worm (D:2)
  5 dart slugs
  An orc (D:3)
  11 ball pythons
  6 bats
  5 endoplasms
  3 giant cockroaches
  5 goblins
  4 hobgoblins
  9 jackals
  2 quokkas
  5 frilled lizards
  11 kobolds
  6 rats
84 creatures vanquished.

Vanquished Creatures (others)
  A hobgoblin (D:4)
1 creature vanquished.

Grand Total: 85 creatures vanquished

Notes
Turn   | Place    | Note
-------+----------+-------------------------------------------
     0 | D:1      | fireball365 the Ogre Gladiator began the quest for the Orb.
     0 | D:1      | Reached XP level 1. HP: 22/22 MP: 1/1
     1 | D:1      | Noticed an electric eel
     2 | D:1      | You fall into a shaft and drop 1 floor!
   168 | D:2      | Reached XP level 2. HP: 19/29 MP: 2/2
   269 | D:2      | Found an ancient bone altar of Kikubaaqudgha.
   425 | D:2      | Reached XP level 3. HP: 34/37 MP: 3/3
   886 | D:1      | Reached XP level 4. HP: 44/45 MP: 4/4
  1233 | D:1      | Reached skill level 4 in Axes
  1615 | D:3      | Noticed Jessica
  1619 | D:3      | Killed Jessica
  1631 | D:3      | Reached XP level 5. HP: 22/54 MP: 5/5
  2434 | D:4      | Found a transporter.
  2434 | D:4      | Found a transporter.
  2466 | D:4      | Found a basalt altar of Yredelemnul.
  2470 | D:4      | Noticed Menkaure
  2477 | D:4      | Found an ancient bone altar of Kikubaaqudgha.
  2478 | D:4      | Noticed a phantom
  2509 | D:4      | Killed a phantom
  2510 | D:4      | Reached skill level 5 in Axes
  2510 | D:4      | Reached XP level 6. HP: 24/63 MP: 6/6
  2544 | D:4      | HP: 3/63 [scorpion (4)]
  2667 | D:4      | HP: 2/63 [scorpion (3)]
  2667 | D:4      | Slain by a scorpion

Illustrated notes

Levels and vault maps discovered:
D:1:      arrival_aquarium_a, layout_basic, nicolae_grassy_gnolls
D:2:      kennysheep_big_flooded_room, layout_basic, basic_altar
D:3:      layout_basic, uniq_jessica
D:4:      layout_rooms, gammafunk_temple_of_torment, old_standard_altar,
          minmay_misc_feat_iff

Skill      XL: |  1  2  3  4  5  6 |
---------------+-------------------+-----
Fighting       | 3 4 |  4.6
Dodging        | 3 4 |  4.1
Axes           | 4 5 |  5.4
Throwing       | |  2.1
Stealth        | |  0.9

Action                     |  1- 3 |  4- 6 || total
---------------------------+-------+-------++-------
  Melee: War axe           |    80 |   170 ||   250
         Punch             |       |     3 ||     3
  Evoke: Wand              |       |     2 ||     2
    Use: Potion            |     2 |     6 ||     8
         Scroll            |       |     2 ||     2
   Stab: Sleeping          |       |     2 ||     2
         Invisible         |       |     1 ||     1
 Armour: Robe              |    46 |    72 ||   118
         Skin              |       |     9 ||     9
  Dodge: Dodged            |    65 |   145 ||   210
